 Dungeon Crawl Stone Soup version 0.32-a0-42-ga30500b4d3 (webtiles) character file.

Game seed: 13391788494603960648

35 Newt the Insei (level 3, -2/23 HPs)
             Began as an Octopode Shapeshifter on Jan 26, 2024.
             Frozen to death by an endoplasm (5 damage)
             ... on level 2 of the Dungeon.
             The game lasted 00:01:54 (1123 turns).

Newt the Insei (Octopode Shapeshifter)              Turns: 1123, Time: 00:01:55

Health: -2/23      AC:  1    Str: 13    XL:     3   Next: 35%
Magic:  3/3        EV: 13    Int: 12    God:
Gold:   35         SH:  0    Dex: 13    Spells: 0/2 levels left

rFire   . .          .
                       - Unarmed
rCold   . . .        (no shield)
rNeg    . . .        (helmet currently unavailable)
rPois   .            (no amulet)
rElec   .            (no ring)
rCorr   .            (no ring)
SInv    .            (no ring)
Will    .....        (no ring)
Stlth   ++           (no ring)
HPRegen 0.23/turn    (no ring)
MPRegen 0.08/turn    (no ring)
                     (no ring)

%: no passive effects
@: beast-form
A: beast (slay +1), almost no armour, amphibious, 8 rings, camouflage 1,
gelatinous body 1, (nimble swimmer 1), tentacles
a: Begin Untransformation


You were on level 2 of the Dungeon.
You were a hulking beast.
You visited 1 branch of the dungeon, and saw 2 of its levels.

You collected 35 gold pieces.

Inventory:

Talismans
 b - a beast talisman
 c - a flux talisman
Scrolls
 d - 2 scrolls of enchant weapon
Potions
 a - a potion of lignification
 h - a potion of curing


   Skills:
 + Level 1.6 Fighting
 * Level 2.7 Dodging
 * Level 3.5 Unarmed Combat
 - Level 3.0 Shapeshifting


You couldn't memorise any spells.
You knew the following spells:

 Your Spells              Type           Power      Damage    Failure   Level
a - Call Imp              Summ           0%         N/A       45%         2

Your spell library contained the following spells:

 Spells                   Type           Power      Damage    Failure   Level
 Sublimation of Blood     Necr           0%         N/A       45%         2
 Tukima's Dance           Hex            0%         N/A       69%         3
 Animate Dead             Necr           0%         N/A       97%         4
 Passage of Golubria      Tloc           0%         N/A       97%         4
 Yara's Violent Unravell  Hex/Alch       0%         3d3       100%        5
 Summon Hydra             Summ           0%         N/A       100%        7
 Death's Door             Necr           0%         N/A       100%        9


Dungeon Overview and Level Annotations

Branches:
Dungeon (2/15)

Altars:

Annotations:
D:2 Jessica


Innate Abilities, Weirdness & Mutations

You are a hulking beast.
Your limbs bulge with bestial killing power. (Slay +1)
You cannot wear most types of armour.
You are amphibious.
You can wear up to eight rings at the same time.
Your skin changes colour to match your surroundings (Stealth+).
Your rubbery body absorbs attacks. (AC +1, EV +1)
((You are camouflaged when in or above water. (Stealth+)))
You have tentacles for arms and can constrict up to eight enemies at once.


Message History

Jessica mumbles something strange.
Jessica hits you with the +10 short sword of Dishonesty {spect, rN+ rCorr Dex-4 Stlth+}!
The +10 short sword of Dishonesty {spect, rN+ rCorr Dex-4 Stlth+} completely misses you.
A +10 short sword of Dishonesty {spect, rN+ rCorr Dex-4 Stlth+} comes into view.
You feel much better.
You constrict Jessica. The endoplasm misses you.
Jessica hits you with the +10 short sword of Dishonesty {spect, rN+ rCorr Dex-4 Stlth+}.
The +10 short sword of Dishonesty {spect, rN+ rCorr Dex-4 Stlth+} hits you!
You release your grip on Jessica.
Jessica says, "Why did you come here?" Jessica gestures at you while chanting.
Pain shoots through your body!
* * * LOW HITPOINT WARNING * * *
The endoplasm attacks as it pursues you!
The endoplasm barely misses you.
Unknown command.
The ball python hisses angrily.
Jessica casts a spell.
Jessica blinks!
The endoplasm jiggles.
The endoplasm attacks as it pursues you!
The endoplasm barely misses you. The ball python bites you.
* * * LOW HITPOINT WARNING * * *
The ball python grabs you. The ball python constricts you.
* * * LOW HITPOINT WARNING * * *
You escape the ball python's grasp.
Unknown command.
The endoplasm attacks as it pursues you!
The endoplasm hits you.
* * * LOW HITPOINT WARNING * * *
Unknown command.
You tentacle-slap the endoplasm. You squeeze the endoplasm.
The endoplasm is severely wounded.
The endoplasm hits you.
* * * LOW HITPOINT WARNING * * *
Unknown command.
You barely miss the endoplasm.
The endoplasm is severely wounded.
The endoplasm freezes you.
You are frozen.
You die...

~.... #....# #.# #. ..... #....#
##.##### ~~... #>...# ##...#...
≈~~~. #....## ##........ ≈~~~.
#.#####.....# #......... ≈≈≈P~
............# #......... ~~≈≈P
P?.......###.# #.........
~P~≈~~~~...###S###.### ##........
..~≈≈~.~......@Jh....## ##.......
..~≈≈~≈~......J###.#..#####..####
.~~P≈≈≈~~......# #.##........####
.~.≈≈≈≈~~......###.#######.......
..~≈≈≈~P......##......####......
.P≈≈≈~.......#........###.....†
~.~≈≈.~~..............[........
≈≈≈~............†...###.....
~≈≈~~...............##......


You could see Jessica, 2 endoplasms and a ball python.

Vanquished Creatures
  A dart slug (D:1)
  8 bats (D:1)
  3 endoplasms
  A giant cockroach (D:1)
  A goblin (D:1)
  2 hobgoblins (D:2)
  3 quokkas
  4 ball pythons
  3 frilled lizards (D:1)
  3 kobolds
  4 rats
33 creatures vanquished.

Notes
Turn   | Place    | Note
-------+----------+-------------------------------------------
     0 | D:1      | Newt the Octopode Shapeshifter began the quest for the Orb.
     0 | D:1      | Reached XP level 1. HP: 13/13 MP: 1/1
   151 | D:1      | Reached XP level 2. HP: 18/18 MP: 2/2
   813 | D:1      | Got the Excursus on Skeletons
   841 | D:1      | Reached XP level 3. HP: 20/23 MP: 3/3
   998 | D:2      | Learned a level 2 spell: Call Imp
  1108 | D:2      | Identified the +10 short sword of Dishonesty {spect, rN+
                  | rCorr Dex-4 Stlth+}
  1108 | D:2      | Noticed Jessica
  1123 | D:2      | Frozen to death by an endoplasm

Illustrated notes

Levels and vault maps discovered:
D:1:      dpeg_arrival_stone_temple_mockup, layout_basic
D:2:      layout_rooms, chequers_big_river, grunt_decor_arrowhead, uniq_jessica

Action                     || total
---------------------------++-------
  Melee: Unarmed           ||    65
         Constrict         ||    12
         Tentacles         ||     8
    Use: Scroll            ||     5
         Potion            ||     1
   Stab: Sleeping          ||    11
 Armour: Skin              ||    33
  Dodge: Dodged            ||    39

Table legend: (Time is in decaauts)
 A = Elapsed time spent in this place.
 B = Non-inter-level travel time spent in this place.
 C = Inter-level travel time spent in this place.
 D = Time resting spent in this place.
 E = Time spent auto-exploring this place.
 F = Levels seen in this place.
 G = Mean time per level.
                   A        B        C        D        E       F      G
               +--------+--------+--------+--------+--------+-----+--------+
         Total |   1119 |   1105 |     14 |     27 |    851 |   2 |  559.5 |
       Dungeon |   1119 |   1105 |     14 |     27 |    851 |   2 |  559.5 |
               +--------+--------+--------+--------+--------+-----+--------+

Top non-repeatable levels by time:
     D:1: 919 daAuts
     D:2: 199 daAuts
